 Dungeon Crawl Stone Soup version 0.28-a0-1629-gf728b707aa (webtiles) character file.

Game seed: 12281552697720990517

237 Hasart the Insei (level 6, -12/41 HPs)
             Began as an Octopode Transmuter on Jan 24, 2022.
             Was an Initiate of Gozag.
             Blown up by Ijyb (22 damage)
             ... with a mindburst bolt
             ... on level 5 of the Dungeon.
             The game lasted 00:05:49 (4169 turns).

Hasart the Insei (Octopode Transmuter)              Turns: 4169, Time: 00:05:50

Health: -12/41     AC:  1    Str:  9    XL:     6   Next: 6%
Magic:  10/10      EV: 13    Int: 17    God:    Gozag
Gold:   127        SH:  4    Dex: 13    Spells: 4/10 levels left

rFire   . . .      SeeInvis .   l - +8 trident of the Octopus King {venom, rElec rPois}
rCold   . . .      Faith    .   r - +1 buckler {rPois}
rNeg    . . .      Spirit   .   (helmet restricted)
rPois   +          Reflect  .   (no amulet)
rElec   +          Harm     .   (no ring)
rCorr   .          Rampage  .   (no ring)
Will    .....                   (no ring)
Stlth   ++........              (no ring)
HPRegen 0.13/turn               (no ring)
MPRegen 0.12/turn               (no ring)
                                (no ring)
                                (no ring)

@: no status effects
A: almost no armour, amphibious, 8 rings, camouflage 1, gelatinous body 1,
(nimble swimmer 1), tentacles
a: Renounce Religion, Potion Petition, Call Merchant, Bribe Branch


You were on level 5 of the Dungeon.
You worshipped Gozag.
Gozag was aware of your devotion.
You visited 2 branches of the dungeon, and saw 6 of its levels.

You collected 163 gold pieces.
You paid 36 gold pieces to Gozag.

Inventory:

Hand Weapons
 l - the +8 trident of the Octopus King (weapon) {venom, rElec rPois}
   (You found it on level 3 of the Dungeon)

   It poisons the flesh of those it strikes.
   rElec:     It insulates you from electricity.
   rPois:     It protects you from poison.
Missiles
 c - 5 boomerangs (quivered)
 h - 5 poisoned darts
 q - 3 javelins
 t - a throwing net
Armour
 r - a +1 buckler of poison resistance (worn)
Jewellery
 m - a ring of poison resistance
Wands
 s - a wand of polymorph (9)
 v - a wand of paralysis (10)
Scrolls
 b - 4 scrolls of identify {unknown}
 d - a scroll of amnesia {unknown}
 e - 2 scrolls of immolation {unknown}
 n - a scroll of vulnerability {unknown}
 p - a scroll of blinking {unknown}
Potions
 a - a potion of might {unknown}
 f - 2 potions of mutation {unknown}
 g - 2 potions of brilliance {unknown}
 i - 2 potions of curing {unknown}
 j - 2 potions of berserk rage {unknown}
 k - a potion of degeneration {unknown}
 o - a potion of cancellation {unknown}
 u - a potion of heal wounds {unknown}


   Skills:
 + Level 2.4 Fighting
 + Level 1.0 Polearms
 + Level 1.5 Throwing
 + Level 3.0 Dodging
 + Level 3.7 Unarmed Combat
 + Level 2.8 Spellcasting
 + Level 2.8 Transmutations
 + Level 1.3 Poison Magic


You had 4 spell levels left.
You knew the following spells:

 Your Spells              Type           Power      Damage    Failure   Level
a - Beastly Appendage     Tmut           24%        N/A       8%          1
b - Wereblood             Tmut           12%        N/A       12%         2
c - Spider Form           Tmut/Pois      9%         N/A       30%         3

Your spell library contained the following spells:

 Spells                   Type           Power      Damage    Failure   Level
 Foxfire                  Conj/Fire      8%         2x1d4     24%         1
 Conjure Flame            Conj/Fire      2%         6-21      58%         3
 Inner Flame              Hex/Fire       2%         N/A       58%         3
 Ice Form                 Ice/Tmut       7%         N/A       80%         4
 Flame Wave               Conj/Fire      2%         2d4       94%         4


Dungeon Overview and Level Annotations

Branches:
Dungeon (5/15)             Temple (1/1) D:4

Altars:
Cheibriados
Fedhas
Gozag
Hepliaklqana
Kikubaaqudgha
Makhleb
Nemelex Xobeh
Okawaru
Qazlal
Ru
Trog
Vehumet
Wu Jian
Xom
Zin
The Shining One

Shops:
D:4 ?

Annotations:
D:4 1 runed translucent door, Crazy Yiuf
D:5 Ijyb


Innate Abilities, Weirdness & Mutations

You cannot wear most types of armour.
You are amphibious.
You can wear up to eight rings at the same time.
Your skin changes colour to match your surroundings (Stealth+).
Your rubbery body absorbs attacks. (AC +1, EV +1)
((You are camouflaged when in or above water. (Stealth+)))
You have tentacles for arms and can constrict up to eight enemies at once.


Message History

The adder skeleton misses you.
You barely miss the adder skeleton. You squeeze the adder skeleton!
The adder skeleton is severely damaged.
You constrict the adder skeleton. The adder skeleton bites you.
The adder skeleton bites you but does no damage.
You puncture the adder skeleton!
You destroy the adder skeleton!
Your Polearms skill increases to level 1!
No target in view!
No target in view!
You now have 127 gold pieces (gained 6).
You see here a +0 dagger.
Found a stone staircase leading up.
You open the door.
There is an open door here.
v - a wand of paralysis (10)
Found a robe.
Ijyb the Twisted Goblin comes into view.
She is wielding a +7 club and carrying a wand of mindburst (17).
Ijyb is nearby!
The helpless Ijyb fails to defend herself.
You hit Ijyb. Your grab misses Ijyb.
Ijyb is lightly wounded.
Ijyb hits you with a +7 club!
You barely miss Ijyb. Your grab misses Ijyb.
Ijyb is lightly wounded.
Ijyb hits you but does no damage. Ijyb closely misses you.
You hit Ijyb but do no damage.
Ijyb is poisoned.
You grab Ijyb.
Ijyb is lightly wounded.
You constrict Ijyb. Ijyb closely misses you.
You hit Ijyb.
Ijyb looks as sick as possible!
Ijyb is heavily wounded.
You constrict Ijyb. Ijyb hits you with a +7 club!
You hit Ijyb but do no damage.
Ijyb is heavily wounded.
You constrict Ijyb. Ijyb hits you with a +7 club!
* * * LOW HITPOINT WARNING * * *
Ijyb screams, "Die!"
Ijyb zaps a wand.
Your mind is blasted!
Ouch! That really hurt!
You die...

#.#####.#.##........#.#
#.# #.#.##.######.#.# #.#
#.#.##.# #.#.#####
#######.#####.#.##.#
#.#.##...
#...............##.###
#.#.##...
#.######.########....#
#.#.##...
#.............####.#.##...
#######.##....#....#.##...
#.#@....#....#.##...
#.#g...[#....#'##...
#.#.....####........
#.#.....# #........
#.#.....# #........
#.#.....# #........
#.#.....# #........
#.....# #......## ####.###


You could see Ijyb (extremely poisoned).

Vanquished Creatures
  2 hounds (D:4)
  A bullfrog skeleton (D:5)
  An iguana (D:4)
  5 adders
  An adder skeleton (D:5)
  A worm (D:2)
  2 dart slugs
  2 orcs
  5 ball pythons
  3 bats
  3 endoplasms
  6 giant cockroaches
  4 goblins
  9 hobgoblins
  8 kobolds
  3 quokkas
  2 frilled lizards
  9 rats
67 creatures vanquished.

Notes
Turn   | Place    | Note
-------+----------+-------------------------------------------
     0 | D:1      | Hasart the Octopode Transmuter began the quest for the Orb.
     0 | D:1      | Reached XP level 1. HP: 13/13 MP: 3/3
   241 | D:1      | Reached XP level 2. HP: 5/18 MP: 3/5
  1197 | D:2      | Reached XP level 3. HP: 8/23 MP: 6/6
  1916 | D:2      | Reached XP level 4. HP: 24/29 MP: 7/7
  1926 | D:2      | Learned a level 2 spell: Wereblood
  1930 | D:2      | Learned a level 3 spell: Spider Form
  2265 | D:3      | Identified the +8 mace of Dissent {freeze, *Noise Fragile
                  | Will+++ Str+2}
  2345 | D:3      | Found a glowing silver altar of Zin.
  2357 | D:3      | Found a bloodstained altar of Trog.
  2357 | D:3      | Found a shimmering altar of Xom.
  2360 | D:3      | Found a sparkling altar of Nemelex Xobeh.
  2360 | D:3      | Found the +8 trident of the Octopus King {venom, rElec
                  | rPois}
  2389 | D:3      | Found a faded altar of an unknown god.
  2471 | D:3      | Reached skill level 1 in Throwing
  2815 | D:4      | Reached XP level 5. HP: 31/34 MP: 7/9
  2921 | D:4      | Reached skill level 1 in Poison Magic
  3252 | D:4      | Found a runed translucent door.
  3253 | D:4      | Noticed Crazy Yiuf
  3366 | D:4      | Found Peaziefi's Magic Scroll Emporium.
  3425 | D:4      | Found a staircase to the Ecumenical Temple.
  3517 | Temple   | Entered the Ecumenical Temple
  3548 | Temple   | Became a worshipper of Gozag Ym Sagoz the Greedy
  3747 | D:5      | Entered Level 5 of the Dungeon
  3795 | D:5      | Reached XP level 6. HP: 37/41 MP: 10/10
  4006 | D:5      | Reached skill level 1 in Polearms
  4162 | D:5      | Noticed Ijyb
  4169 | D:5      | Blown up by Ijyb

Illustrated notes

Levels and vault maps discovered:
D:1:      tarquinn_simple_flora_water_e, layout_basic
D:2:      layout_rooms
D:3:      layout_loops_ring, grunt_temple_overflow_open,
          shapermc_ecumenical_altar_venn
D:4:      layout_basic, minmay_temple_entry_enclosed_plants, serial_shops, shop,
          minivault_14, minmay_misc_feat_hallway, uniq_crazy_yiuf_cottage
D:5:      layout_basic, uniq_eustachio, uniq_ijyb
Temple:   mainiacjoe_temple_coin_purse

Skill      XL: |  1  2  3  4  5  6 |
---------------+-------------------+-----
Throwing       | 1 |  1.5
Fighting       | 2 |  2.4
Poison Magic   | 1 |  1.3
Dodging        | 3 |  3.0
Polearms       | 1 |  1.0
Unarmed Combat | |  3.7
Spellcasting   | |  2.8
Transmutations | |  2.8

Action                   |  1- 3 |  4- 6 || total
-------------------------+-------+-------++-------
Melee: Unarmed           |    80 |    17 ||    97
       Constrict         |    20 |    16 ||    36
       Tentacles         |    14 |    16 ||    30
       Kick              |     1 |       ||     1
       Punch             |     2 |     1 ||     3
       Trident           |       |    57 ||    57
 Cast: Beastly Appendage |     1 |       ||     1
 Stab: Sleeping          |     4 |    10 ||    14
Armor: Skin              |     4 |     8 ||    12
Dodge: Dodged            |    47 |    30 ||    77
Block: Buckler           |       |     1 ||     1

Table legend: (Time is in decaauts)
 A = Elapsed time spent in this place.
 B = Non-inter-level travel time spent in this place.
 C = Inter-level travel time spent in this place.
 D = Time resting spent in this place.
 E = Time spent auto-exploring this place.
 F = Levels seen in this place.
 G = Mean time per level.
                   A        B        C        D        E       F      G
               +--------+--------+--------+--------+--------+-----+--------+
         Total |   4178 |   4051 |    127 |    223 |   3278 |   6 |  696.3 |
       Dungeon |   4138 |   4020 |    118 |    223 |   3261 |   5 |  827.6 |
        Temple |     40 |     31 |      9 |      0 |     17 |   1 |   40.0 |
               +--------+--------+--------+--------+--------+-----+--------+

Top non-repeatable levels by time:
     D:1: 1178 daAuts
     D:2: 992 daAuts
     D:4: 915 daAuts
     D:3: 626 daAuts
     D:5: 425 daAuts
  Temple: 40 daAuts
